 Dungeon Crawl Stone Soup version 0.19.1 (webtiles) character file.

5527 ChaseSP the Spear-Bearer (level 10, -3/114 HPs)
             Began as a Merfolk Gladiator on Nov 28, 2016.
             Was a Priest of Yredelemnul.
             Slain by a yak (7 damage)
             ... on level 9 of the Dungeon.
             The game lasted 00:15:54 (8966 turns).

ChaseSP the Spear-Bearer (Merfolk Gladiator)        Turns: 8966, Time: 00:15:56

Health: -3/114     AC: 25    Str: 18    XL:     10   Next: 70%
Magic:  0/10       EV:  2    Int:  8    God:    Yredelemnul [***...]
Gold:   539        SH:  8    Dex: 15    Spells: 1 memorised, 8 levels left

rFire  . . .     SeeInvis .     a - +0 trident
rCold  . . .     Gourm    .     (armour currently unavailable)
rNeg   + + +     Faith    .     w - +1 shield of Perpetual Drought {Slay+3}
rPois  +         Spirit   +     (helmet currently unavailable)
rElec  .         Reflect  .     (cloak currently unavailable)
rCorr  .         Harm     .     (gloves currently unavailable)
MR     .....     NoTele   +     (boots currently unavailable)
Stlth  +.........               L - amulet of guardian spirit
                                (no ring)
                                (no ring)

@: tree-form
A: (change form in water), (swift swim), (stealthy swim), (large bone plates 0)
a: Recall Undead Slaves, Injury Mirror, Animate Dead, Renounce Religion


You were on level 9 of the Dungeon.
You worshipped Yredelemnul.
Yredelemnul was most pleased with you.
You were not hungry.
You were a tree.
You visited 1 branch of the dungeon, and saw 10 of its levels.
You also visited: Sewer and Ossuary.

You collected 539 gold pieces.

Inventory:

Hand Weapons
 a - a +0 trident (weapon)
Missiles
 d - 7 throwing nets (quivered)
Armour
 c - a +0 helmet (melded)
 n - a +0 chain mail (melded)
 w - the +1 shield of Perpetual Drought (worn) {Slay+3}
   (You found it on level 5 of the Dungeon)

   It affects your accuracy and damage with ranged weapons and melee attacks
   (+3).
Jewellery
 q - an uncursed ring of magical power
 G - an uncursed amulet of magic regeneration
 L - an amulet of guardian spirit (around neck)
Scrolls
 b - 5 scrolls of teleportation {unknown}
 e - 2 scrolls of magic mapping
 k - a scroll of enchant weapon {unknown}
 l - 3 scrolls of blinking
 o - 6 scrolls of amnesia {unknown}
 v - 3 scrolls of remove curse
 y - a scroll of immolation {unknown}
 z - 3 scrolls of fog {unknown}
 A - a scroll of random uselessness {unknown}
 B - a scroll of vulnerability {unknown}
 E - 2 scrolls of recharging {unknown}
 H - a scroll of fear {unknown}
 J - 4 scrolls of identify
 K - 2 scrolls of brand weapon {unknown}
 O - a scroll of noise {unknown}
Potions
 h - 2 potions of might {unknown}
 i - 3 potions of lignification
 j - 5 potions of brilliance
 t - 6 potions of curing
 u - 4 potions of degeneration
 x - 2 potions of ambrosia {unknown}
 D - 3 potions of flight {unknown}
 F - a potion of agility {unknown}
 I - a potion of cure mutation {unknown}
 Q - a potion of invisibility {unknown}
Books
 r - a book of the Earth

   Spells                             Type                      Level
   a - Leda's Liquefaction            Hexes/Earth                  4
   b - Bolt of Magma                  Conjuration/Fire/Earth       5
   c - Statue Form                    Transmutation/Earth          6
   d - Iron Shot                      Conjuration/Earth            6
   e - Shatter                        Earth                        9
 C - a book of Cantrips

   Spells                             Type                      Level
   a - Confusing Touch                Hexes                        1
   b - Animate Skeleton               Necromancy                   1
   c - Summon Small Mammal            Summoning                    1
   d - Apportation                    Translocation                1
 N - a book of Clouds

   Spells                             Type                      Level
   a - Mephitic Cloud                 Conjuration/Poison/Air       3
   b - Conjure Flame                  Conjuration/Fire             3
   c - Poisonous Cloud                Conjuration/Poison/Air       6
   d - Freezing Cloud                 Conjuration/Ice/Air          6
   e - Ring of Flames                 Charms/Fire                  7
 P - a book of Minor Magic

   Spells                             Type                      Level
   a - Magic Dart                     Conjuration                  1
   b - Blink                          Translocation                2
   c - Call Imp                       Summoning                    2
   d - Repel Missiles                 Charms/Air                   2
   e - Slow                           Hexes                        2
   f - Conjure Flame                  Conjuration/Fire             3
   g - Mephitic Cloud                 Conjuration/Poison/Air       3
Comestibles
 f - 7 bread rations
 g - 11 beef jerkies
 p - 6 fruits
 s - 3 meat rations


   Skills:
 + Level 6.2 Fighting
 - Level 14.6 Polearms
 - Level 2.0 Throwing
 * Level 6.0 Armour
 + Level 8.7 Dodging
 + Level 2.2 Translocations


You had 8 spell levels left.
You knew the following spells:

 Your Spells              Type           Power        Failure   Level  Hunger
a - Apportation           Tloc           #.........   96%         1    ##.....


Dungeon Overview and Level Annotations

Branches:
Dungeon (10/15)            Temple (0/1) D:5
   Lair: D:8-11         Orc: D:9-12

Altars:
Cheibriados
Dithmenos
Elyvilon
Fedhas
Hepliaklqana
Kikubaaqudgha
Nemelex Xobeh
Okawaru
Qazlal
Ru
Trog
Vehumet
Xom
Yredelemnul
The Shining One

Shops:
D:10 :


Innate Abilities, Weirdness & Mutations

((You revert to your normal form in water.))
((You are very nimble and swift while swimming.))
((You are very stealthy in the water. (Stealth+)))
((You are partially covered in large bone plates. (SH +4)))


Message History

The killer bee is severely wounded.
The killer bee stings you but does no damage. x3
The killer bee barely misses you.
The killer bee stings you but does no damage.
The orc priest shouts!
You puncture the killer bee!
You kill the killer bee!
Yredelemnul accepts your kill. You block the killer bee's attack.
The yak gores you but does no damage. You block the yak's attack.
The killer bee stings you but does no damage.
You puncture the killer bee!
The killer bee is severely wounded.
The killer bee stings you but does no damage.
The killer bee stings you.
* * * LOW HITPOINT WARNING * * *
The killer bee stings you but does no damage.
The yak gores you!
You die...
Your body rises from the dead as a mindless zombie.

#..# #..# #..#
#..###################
#
......................
. .......[.......... .
##..######..##### .
#yy# #y♣# #YY# #oY#
#Z{#


ooo# ..Zo# ###.o. #... #Y(. You could see 3 yaks, 3 killer bees, 2 orc priests,
4 orcs, a quokka zombie and a centaur zombie.

Vanquished Creatures
  2 trolls (D:10)
  Grinder (D:4)
  Prince Ribbit (D:6)
  A hippogriff (D:7)
  Sigmund (D:4)
  2 yaks
  A hungry ghost (D:8)
  Edmund (D:5)
  A water moccasin (D:7)
  Purgy (Sewer)
  2 sky beasts
  2 black bears
  3 phantoms
  5 ogres
  4 centaurs
  2 crocodiles
  A big kobold (D:3)
  2 bullfrogs (D:6)
  Blork the orc (D:6)
  A gnoll sergeant (D:10)
  A scorpion (D:9)
  4 killer bees
  3 wights (D:10)
  4 crimson imps
  3 bullfrog zombies
  4 hounds
  A gnoll shaman (D:5)
  A human zombie (Ossuary)
  2 orc priests
  A jelly (D:10)
  2 bullfrog skeletons
  Terence (D:2)
  3 iguanas
  5 worker ants
  Natasha (twice) (D:2)
  6 orc wizards
  4 hound zombies (Ossuary)
  4 mummies (Ossuary)
  A howler monkey zombie (D:6)
  7 adders
  A river rat (D:3)
  9 gnolls
  2 shadow imps
  2 oozes
  2 adder zombies
  An adder skeleton (D:4)
  5 worms
  2 dart slugs
  8 leopard geckos
  23 orcs
  13 bats
  6 giant cockroaches
  3 goblins
  5 hobgoblins
  17 jackals
  12 kobolds
  2 quokkas (D:4)
  5 ball pythons
  3 frilled lizards
  A gnoll zombie (Ossuary)
  A goblin zombie (Ossuary)
  A jackal skeleton (D:2)
  A jackal zombie (D:6)
  3 kobold zombies (Ossuary)
  A leopard gecko skeleton (D:4)
  9 rats
  A rat zombie (Ossuary)
  A spectral orc (D:4)
234 creatures vanquished.

Vanquished Creatures (collateral kills)
  A wight (D:10)
1 creature vanquished.

Vanquished Creatures (others)
  A wight (D:9)
  A big kobold zombie (Ossuary)
  4 toadstools (D:1)
6 creatures vanquished.

Grand Total: 241 creatures vanquished

Notes
Turn   | Place    | Note
-------+----------+-------------------------------------------
     0 | D:1      | ChaseSP the Merfolk Gladiator began the quest for the Orb.
     0 | D:1      | Reached XP level 1. HP: 16/16 MP: 1/1
    76 | D:1      | Reached skill level 5 in Polearms
    98 | D:1      | Reached XP level 2. HP: 18/22 MP: 2/2
   550 | D:1      | Reached skill level 6 in Polearms
   550 | D:1      | Reached XP level 3. HP: 25/27 MP: 3/3
   772 | D:2      | Noticed Terence
   780 | D:2      | Killed Terence
  1042 | D:2      | Found a bloodstained altar of Trog.
  1051 | D:2      | Reached skill level 7 in Polearms
  1051 | D:2      | Reached XP level 4. HP: 33/33 MP: 4/4
  1367 | D:2      | Found a shimmering altar of Xom.
  1552 | D:2      | Noticed Natasha
  1562 | D:2      | Killed Natasha
  1562 | D:2      | Reached skill level 8 in Polearms
  1562 | D:2      | Reached XP level 5. HP: 28/38 MP: 5/5
  1839 | D:2      | Noticed Natasha
  1845 | D:2      | Killed Natasha
  1876 | D:3      | Noticed a big kobold
  1903 | D:3      | Killed a big kobold
  1903 | D:3      | Reached skill level 9 in Polearms
  1903 | D:3      | Reached XP level 6. HP: 41/44 MP: 6/6
  1930 | D:3      | Found a glowing drain.
  2018 | Sewer    | Entered a sewer
  2080 | Sewer    | Noticed Purgy
  2099 | Sewer    | Killed Purgy
  2099 | Sewer    | Reached skill level 10 in Polearms
  2672 | D:3      | Found a sparkling altar of Nemelex Xobeh.
  2768 | D:4      | Reached XP level 7. HP: 38/50 MP: 7/7
  2877 | D:4      | Reached skill level 11 in Polearms
  3233 | D:4      | Noticed Grinder
  3242 | D:4      | Gained mutation: Scrolls take you a little longer to read. [potion of mutation]
  3242 | D:4      | Gained mutation: You are partially covered in large bone plates. (SH +4) [potion of mutation]
  3242 | D:4      | Lost mutation: Scrolls take you a little longer to read. [potion of mutation]
  3242 | D:4      | Paralysed by Grinder for 4 turns
  3268 | D:4      | Paralysed by Grinder for 5 turns
  3274 | D:4      | Killed Grinder
  3274 | D:4      | Reached skill level 12 in Polearms
  3321 | D:4      | Noticed Sigmund
  3336 | D:4      | Killed Sigmund
  3336 | D:4      | Reached skill level 13 in Polearms
  3336 | D:4      | Reached XP level 8. HP: 40/56 MP: 8/8
  3515 | D:4      | Found a basalt altar of Yredelemnul.
  3525 | D:4      | Became a worshipper of Yredelemnul the Dark
  3587 | D:5      | Entered Level 5 of the Dungeon
  3587 | D:5      | Found a staircase to the Ecumenical Temple.
  3620 | D:5      | Got a bloodstained shield
  3626 | D:5      | Identified the +1 shield of Perpetual Drought {Slay+3} (You found it on level 5 of the Dungeon)
  3703 | D:5      | Noticed Edmund
  3730 | D:5      | Killed Edmund
  3730 | D:5      | Reached skill level 14 in Polearms
  3765 | D:5      | Found a hazy altar of Hepliaklqana.
  3896 | D:5      | Reached * piety under Yredelemnul
  4099 | D:5      | Found an ancient bone altar of Kikubaaqudgha.
  4207 | D:5      | Reached skill level 1 in Armour
  4345 | D:5      | Reached XP level 9. HP: 60/62 MP: 9/9
  4352 | D:5      | Found a snail-covered altar of Cheibriados.
  4877 | D:6      | Noticed Prince Ribbit
  4884 | D:6      | Noticed Blork the orc
  4891 | D:6      | Killed Prince Ribbit
  4891 | D:6      | Reached skill level 5 in Dodging
  4900 | D:6      | Killed Blork the orc
  5316 | D:6      | Found a sacrificial altar of Ru.
  5504 | D:7      | Found a radiant altar of Vehumet.
  5504 | D:7      | Found a shadowy altar of Dithmenos.
  5509 | D:7      | Found an iron altar of Okawaru.
  5511 | D:7      | Found a glowing golden altar of the Shining One.
  5513 | D:7      | Found a white marble altar of Elyvilon.
  5587 | D:7      | Found a sand-covered staircase.
  5595 | Ossuary  | Entered an ossuary
  5638 | Ossuary  | Reached ** piety under Yredelemnul
  6479 | D:8      | Learned a level 1 spell: Apportation
  6641 | D:8      | Reached skill level 5 in Fighting
  6641 | D:8      | Reached XP level 10. HP: 70/74 MP: 8/10
  6716 | D:8      | Found a stormy altar of Qazlal.
  6899 | D:8      | Found a blossoming altar of Fedhas.
  7340 | D:9      | Reached skill level 5 in Armour
  7340 | D:9      | Reached skill level 1 in Translocations
  7532 | D:10     | Entered Level 10 of the Dungeon
  7540 | D:10     | Reached *** piety under Yredelemnul
  7745 | D:10     | Received a gift from Yredelemnul (a wight)
  8143 | D:10     | Noticed a hill giant
  8287 | D:10     | Found Posief's Book Emporium.
  8733 | D:10     | Noticed a hill giant
  8966 | D:9      | HP: 4/114 [killer bee (4)]
  8966 | D:9      | Slain by a yak

Skill      XL: |  1  2  3  4  5  6  7  8  9 10 |
---------------+-------------------------------+-----
Polearms       | 5 6 7 8 9 10 13 14 | 14.6
Armour         | 1 4 6 |  6.0
Fighting       | 5 6 |  6.2
Dodging        | 7 8 |  8.7
Translocations | 2 |  2.2
Throwing       | |  2.0

Action                   |  1- 3 |  4- 6 |  7- 9 | 10-12 || total
-------------------------+-------+-------+-------+-------++-------
Melee: Trident           |    70 |   226 |   513 |   224 ||  1033
       Tailslap          |       |     3 |       |       ||     3
  Use: Scroll            |       |     2 |     8 |     1 ||    11
       Potion            |       |       |     3 |     4 ||     7
 Stab: Sleeping          |     1 |       |       |       ||     1
  Eat: Chunk             |       |     5 |    12 |     9 ||    26
       Fruit             |       |       |     2 |     1 ||     3
Armor: Leather armour    |     6 |       |       |       ||     6
       Scale mail        |     7 |       |       |       ||     7
       Chain mail        |     3 |   128 |   135 |    65 ||   331
       Skin              |       |       |    18 |    44 ||    62
Dodge: Dodged            |    24 |    93 |    96 |    51 ||   264
Block: Other             |       |       |     2 |       ||     2
       Shield            |       |       |   190 |   134 ||   324
